 Dungeon Crawl Stone Soup version 0.21-a0-509-gecc5317 (webtiles) character file.

45 Gerstahl the Slasher (level 3, -4/34 HPs)
             Began as a Naga Gladiator on Dec 1, 2017.
             Slain by a worm (6 damage)
             ... on level 2 of the Dungeon.
             The game lasted 00:01:25 (744 turns).

Gerstahl the Slasher (Naga Gladiator)                Turns: 744, Time: 00:01:25

Health: -4/34      AC:  3    Str: 16    XL:     3   Next: 64%
Magic:  3/3        EV: 10    Int:  8    God:
Gold:   52         SH:  0    Dex: 13    Spells: 2/2 levels left

rFire    . . .     SeeInvis +   a - +0 long sword
rCold    . . .     Gourm    .   (no shield)
rNeg     . . .     Faith    .   b - +0 leather armour
rPois    +         Spirit   .   c - +0 helmet
rElec    .         Reflect  .   (no cloak)
rCorr    .         Harm     .   (no gloves)
MR       .....                  (no barding)
Stlth    +.........             (no amulet)
HPRegen  0.11/turn              (no ring)
MPRegen  0.08/turn              (no ring)

@: lethally poisoned (-4 -> -6), very slow
A: large, see invisible, deformed body, poison resistance, slowness 2, slow
metabolism 1, spit poison 1, AC +1
a: Spit Poison


You were on level 2 of the Dungeon.
You were not hungry.

You visited 1 branch of the dungeon, and saw 2 of its levels.

You collected 52 gold pieces.

Inventory:

Hand Weapons
 a - a +0 long sword (weapon)
Missiles
 d - 3 throwing nets (quivered)
Armour
 b - a +0 leather armour (worn)
 c - a +0 helmet (worn)
Scrolls
 e - 2 scrolls of identify {unknown}
 g - a scroll of enchant armour {unknown}
 h - a scroll of remove curse {unknown}
 i - a scroll of teleportation {unknown}
Potions
 j - a potion of haste {unknown}
 k - a potion of curing {unknown}
Comestibles
 f - 3 bread rations


   Skills:
 + Level 3.1 Fighting
 + Level 3.8 Long Blades
 - Level 1.7 Throwing
 - Level 2.4 Dodging


You had 2 spell levels left.
You didn't know any spells.

Dungeon Overview and Level Annotations

Branches:
Dungeon (2/15)

Altars:


Innate Abilities, Weirdness & Mutations

You cannot wear boots.
Your serpentine skin is tough. (AC +1)
You have supernaturally acute eyesight. (SInv)
Armour fits poorly on your strangely shaped body.
Your system is resistant to poisons. (rPois)
You cover ground very slowly.
You have a slow metabolism.
You can spit poison.


Message History

A gnoll comes into view. It is wielding a whip.
A gnoll comes into view. It is wielding a spear.
You feel sick.
The gnoll shouts!
You hit the hobgoblin.
The hobgoblin is almost dead.
The gnoll throws a throwing net.
The throwing net hits you.
You become entangled in the net!
The gnoll barely misses you. The hobgoblin hits you with a club.
You tear a large gash into the net.
You feel sick.
The gnoll hits you from afar with an enchanted spear!
* * * LOW HITPOINT WARNING * * *
The hobgoblin hits you with a club.
* * * LOW HITPOINT WARNING * * *
You shred the net and break free! The gnoll completely misses you.
The gnoll closely misses you. The hobgoblin completely misses you.
You riposte.
You slash the hobgoblin!
You kill the hobgoblin!
The worm bites you.
You die...

............#
#######.............#
#........ ..........#
#........ .........#
#.......# #.gg.....#
#.......# #....g...#
#.......####..g)....#
#.......##....@w....#
#.......##.#........#
#........#........!.#
#......#<#....#...###
#......###....##+##
.....#......####
......(...........
.....###.#######..
...(. #.#


You could see a worm and 4 gnolls.

Vanquished Creatures
  An adder (D:2)
  An ooze (D:2)
  2 dart slugs (D:1)
  3 bats (D:1)
  A giant cockroach (D:1)
  4 goblins (D:1)
  5 hobgoblins
  A quokka (D:2)
  3 frilled lizards (D:1)
  3 kobolds (D:1)
  4 rats
28 creatures vanquished.

Notes
Turn   | Place    | Note
-------+----------+-------------------------------------------
     0 | D:1      | Gerstahl the Naga Gladiator began the quest for the Orb.
     0 | D:1      | Reached XP level 1. HP: 19/19 MP: 1/1
   102 | D:1      | Reached XP level 2. HP: 24/27 MP: 2/2
   350 | D:1      | Reached XP level 3. HP: 30/33 MP: 3/3
   744 | D:2      | Slain by a worm

Vault maps used:
D:1:      lemuel_arrival_river_ford

Skill      XL: |  1  2  3 |
---------------+----------+-----
Fighting       | 3 |  3.1
Long Blades    | |  3.8
Throwing       | |  1.7
Dodging        | |  2.4

Action                   || total
-------------------------++-------
Melee: Long sword        ||    62
 Abil: Spit Poison       ||     3
Armor: Leather armour    ||    25
Dodge: Dodged            ||    62
       Rpst.: Long sword ||    21

Table legend:
 A = Spawn XP
 B = Non-spawn XP
 C = Spawn XP percentage of total XP
 D = Spawn monster count
 E = Non-spawn monster count
 F = Spawn count percentage of total count
 G = Total turns spent on level
                    A         B        C        D         E        F      G
               +---------+---------+-------+---------+---------+-------+---------
         Total |       0 |      65 |   0.0 |       0 |      28 |   0.0 |   744
               +---------+---------+-------+---------+---------+-------+---------
           D:1 |       0 |      40 |   0.0 |       0 |      23 |   0.0 |   711
           D:2 |       0 |      25 |   0.0 |       0 |       5 |   0.0 |    33
               +---------+---------+-------+---------+---------+-------+---------
